 Dungeon Crawl Stone Soup version 0.16.2-12-gd0ad4c3 (webtiles) character file.

14359 faibistes the Thaumaturge (level 11, -4/62 HPs)
             Began as a Deep Elf Wizard on Mar 6, 2018.
             Was a High Priest of Sif Muna.
             Slain by a blink frog (10 damage)
             ... on level 3 of the Lair of Beasts.
             The game lasted 01:02:23 (18822 turns).

faibistes the Thaumaturge (Deep Elf Wizard)        Turns: 18822, Time: 01:02:25

Health: -4/62      AC:  6    Str:  4    XL:     11   Next: 87%
Magic:  34/34      EV:  2    Int: 27    God:    Sif Muna [*****.]
Gold:   692        SH:  0    Dex: 20    Spells: 7 memorised, 17 levels left

rFire  . . .     SeeInvis .     f - +1 dagger
rCold  . . .     Clarity  .     a - +0 robe
rNeg   + + +     SustAb   .     (no shield)
rPois  ∞         Gourm    .     b - +0 hat (curse)
rElec  .         Spirit   .     p - +0 cloak
rCorr  .         Warding  .     g - +2 pair of gloves (curse)
rMut   .         Stasis   .     (no boots)
MR     +....                    (no amulet)
Stlth  +++.......               I - +5 ring of dexterity
                                n - ring of poison resistance

@: petrified, repel missiles, somewhat resistant to hostile enchantments, fairly
stealthy
A: agile 1
a: Channel Energy, Forget Spell, Renounce Religion


You were on level 3 of the Lair of Beasts.
You worshipped Sif Muna.
Sif Muna was extremely pleased with you.
You were not hungry.

You visited 3 branches of the dungeon, and saw 15 of its levels.
You also visited: Sewer and Ossuary.

You collected 692 gold pieces.

Inventory:

Hand weapons
 f - a +1 dagger (weapon)
 x - a +2 spear of freezing
Armour
 a - a +0 robe (worn)
 b - a cursed +0 hat (worn)
 g - a cursed +2 pair of gloves (worn)
 p - a +0 cloak (worn)
Jewellery
 n - a ring of poison resistance (left hand)
 B - an uncursed ring of protection from magic
 F - an uncursed ring of positive energy
 I - a +5 ring of dexterity (right hand)
Magical devices
 c - a wand of flame (20)
 y - a wand of slowing (48)
 G - a wand of lightning (0)
Scrolls
 e - 3 scrolls of enchant weapon
 k - a scroll of fear
 m - 2 scrolls of identify
 u - 3 scrolls of teleportation
 w - a scroll of fog
 J - a scroll of remove curse
 L - a scroll of amnesia
Potions
 h - 6 potions of heal wounds
 i - 3 potions of resistance
 l - 2 potions of might
 o - a potion of magic
 q - 4 potions of flight
 r - 5 potions of brilliance
 s - 5 potions of curing
 v - a potion of berserk rage
 z - a potion of lignification
 A - 4 potions of restore abilities
 H - a potion of haste
Books
 E - a book of Control

   Spells                             Type                      Level
   a - Control Teleport               Charms/Translocation         4
   b - Control Undead                 Necromancy                   4
   c - Enslavement                    Hexes                        4
   d - Metabolic Englaciation         Hexes/Ice                    5
   e - Mass Confusion                 Hexes                        6
 K - a book of Cantrips

   Spells                             Type                      Level
   a - Corona                         Hexes                        1
   b - Animate Skeleton               Necromancy                   1
   c - Summon Small Mammal            Summoning                    1
   d - Apportation                    Translocation                1
Comestibles
 d - 11 bread rations
 j - 5 meat rations
 t - 8 fruits
 C - 2 beef jerkies
 D - 7 slices of pizza
 M - a poisonous chunk of flesh


   Skills:
 + Level 4.4 Fighting
 + Level 8.0 Dodging
 - Level 2.4 Stealth
 * Level 12.0 Spellcasting
 * Level 7.2 Conjurations
 + Level 5.5 Charms
 - Level 4.0 Summonings
 - Level 4.0 Necromancy
 + Level 4.8 Translocations
 * Level 7.3 Fire Magic
 - Level 4.4 Air Magic
 - Level 2.7 Poison Magic
 * Level 6.0 Invocations
 + Level 4.7 Evocations


You had 17 spell levels left.
You knew the following spells:

 Your Spells              Type           Power        Failure   Level  Hunger
a - Magic Dart            Conj           ####         1%          1    None
b - Conjure Flame         Conj/Fire      ######..     1%          3    None
c - Call Imp              Summ           #####...     1%          2    None
d - Blink                 Tloc           N/A          1%          2    None
e - Mephitic Cloud        Conj/Pois/Air  #####...     1%          3    None
f - Repel Missiles        Chrm/Air       #####.       1%          2    None
i - Animate Dead          Necr           N/A          8%          4    None


Dungeon Overview and Level Annotations

Branches:
Dungeon (10/15)            Temple (1/1) D:6            Lair (4/8) D:9
  Swamp: Lair:3-6    Shoals: Lair:3-6     Snake: Lair:3-6    Spider: Lair:3-6
    Orc: D:9-12

Altars:
Ashenzari
Cheibriados
Dithmenos
Elyvilon
Fedhas
Gozag
Kikubaaqudgha
Makhleb
Nemelex Xobeh
Okawaru
Qazlal
Ru
Sif Muna
Trog
Vehumet
Xom
Yredelemnul
Zin
The Shining One

Annotations:
D:10 faibistes' ghost, powerful DEWz


Innate Abilities, Weirdness & Mutations

You are agile. (Dex +2)


Message History

The river rat closely misses you.
The blink frog blinks!
The river rat misses you. The blink frog hits you!
The blink frog closely misses you.
There is a stone staircase leading up, spattered with blood here.
The blink frog blinks!
The blink frog hits you!!
The blink frog blinks!
The river rat closely misses you. The blink frog misses you.
The blink frog closely misses you. The river rat barely misses you.
The basilisk gazes at you.
You are slowing down.
You climb upwards.
Your crimson imp disappears in a puff of smoke!
You have turned to stone.
The blink frog hits you!!
* * * LOW HITPOINT WARNING * * *
The blink frog blinks!
The blink frog hits you.
* * * LOW HITPOINT WARNING * * *
The river rat bites you.
* * * LOW HITPOINT WARNING * * *
The river rat bites you. The blink frog hits you. The blink frog hits you!!
You die...

##... ##..##
#...P #...#
#...###P..##
#...##.....#
##...##.F..#
#....#....##
#P........#
#.......F§#
#...##..r@##
##..###.r÷F#
#...###P..##
##...##....#
#..###...##
##..P###..#
..###...## #..#
....##..P###..#
...........#...#


You could see 3 blink frogs and 2 river rats.

Vanquished Creatures
  A hydra (Lair:3)
  Pikel (D:6)
  A black mamba (Lair:3)
  A spiny frog (Lair:3)
  A komodo dragon (Lair:2)
  A troll (D:9)
  2 blink frogs (Lair:1)
  A basilisk (Lair:2)
  12 yaks
  A deep elf mage (D:8)
  A hungry ghost (D:9)
  6 humans
  A hog (D:7)
  A wolf (Lair:2)
  A water moccasin (Lair:1)
  5 porcupines
  2 sky beasts (D:7)
  3 ice beasts
  A killer bee (D:9)
  An orc warrior (D:7)
  2 ogres
  A slave (D:6)
  2 phantoms
  3 centaurs
  2 crocodiles
  An elf zombie (Ossuary)
  A big kobold (D:7)
  A gnoll sergeant (D:8)
  7 jellies (D:7)
  8 giant frogs
  8 wights (D:7)
  2 yak zombies
  A wyvern skeleton (D:8)
  A goliath beetle (D:6)
  5 orc priests
  A quasit (D:7)
  A centaur zombie (D:8)
  4 crimson imps
  A centaur skeleton (D:8)
  2 giant frog skeletons
  6 hounds
  A gnoll shaman (D:7)
  3 iguanas
  9 worker ants
  3 hell rats (D:9)
  A merfolk avatar (Sewer)
  A porcupine zombie (D:9)
  2 sirens (Sewer)
  4 orc wizards
  6 sheep
  A killer bee zombie (D:7)
  A big kobold zombie (Ossuary)
  3 hound skeletons
  2 hound zombies
  A hell rat zombie (D:9)
  2 mummies (Ossuary)
  A worker ant zombie (D:5)
  26 river rats
  15 gnolls
  20 adders
  3 giant mites
  3 adder skeletons
  2 adder zombies (Ossuary)
  10 giant geckos
  An ooze (D:3)
  21 orcs
  17 bats
  A bat zombie (D:5)
  11 giant cockroaches
  9 goblins
  12 hobgoblins
  12 jackals
  7 quokkas
  A river rat zombie (Lair:1)
  11 ball pythons
  A giant cockroach zombie (D:5)
  A giant gecko zombie (D:5)
  7 giant newts
  2 goblin zombies (Ossuary)
  7 hobgoblin zombies (Ossuary)
  2 jackal zombies (Ossuary)
  16 kobolds
  11 kobold zombies (Ossuary)
  10 orc zombies
  A quokka skeleton (D:6)
  3 quokka zombies
  39 rats
  A ballistomycete (D:6)
428 creatures vanquished.

Vanquished Creatures (collateral kills)
  A hydra (Lair:1)
  Erolcha (D:9)
  3 spiny frogs
  A komodo dragon (Lair:2)
  3 blink frogs
  A yak (D:9)
  3 hippogriffs
  3 wolves (Lair:2)
  2 hungry ghosts
  An ice beast (D:8)
  A black bear (Lair:2)
  A sky beast (D:9)
  2 necrophages
  A centaur (D:8)
  2 crocodiles
  3 giant frogs
  A jelly (D:7)
  6 killer bees (D:9)
  2 hounds (D:9)
  An orc wizard (D:9)
  A worker ant (D:9)
  A hell rat (D:9)
  4 sheep (Lair:2)
  20 river rats
  A gnoll (D:8)
  2 giant geckos
  An orc (D:9)
  A hobgoblin (D:8)
  2 quokkas (Lair:1)
  2 hobgoblin zombies (Ossuary)
  2 kobolds
  A kobold zombie (Ossuary)
77 creatures vanquished.

Vanquished Creatures (others)
  A black mamba zombie (Lair:3)
  3 slaves (D:6)
  A blink frog zombie (Lair:1)
  A hippogriff zombie (Lair:1)
  4 yak zombies
  A troll zombie (D:9)
  A crimson imp (Ossuary)
  A drowned soul (Sewer)
  2 killer bee zombies (D:9)
  A sky beast zombie (D:7)
  A crocodile zombie (Lair:2)
  A necrophage skeleton (D:9)
  A shadow imp (Lair:3)
  3 white imps
  5 sheep zombies (Lair:2)
  An iguana skeleton (Lair:2)
  2 orc skeletons
  4 river rat zombies
  A giant gecko (D:6)
  A giant spore (D:6)
  A gnoll zombie (D:8)
  2 river rat skeletons (Lair:2)
  2 fungi
  A plant (Lair:1)
42 creatures vanquished.

Grand Total: 547 creatures vanquished

Notes
Turn   | Place    | Note
--------------------------------------------------------------
     0 | D:1      | faibistes, the Deep Elf Wizard, began the quest for the Orb.
     0 | D:1      | Reached XP level 1. HP: 10/10 MP: 6/6
     0 | D:1      | Noticed a troll
     0 | D:1      | Noticed a vine stalker
     3 | D:1      | Noticed a formicid
     5 | D:1      | Noticed a centaur
     7 | D:1      | Noticed a draconian
     8 | D:1      | Noticed a dwarf
    10 | D:1      | Noticed a vine stalker
    13 | D:1      | Noticed a gargoyle
    14 | D:1      | Noticed a ghoul
    14 | D:1      | Noticed a naga
    16 | D:1      | Noticed a ghoul
    16 | D:1      | Noticed a ghoul
    18 | D:1      | Noticed a vine stalker
    18 | D:1      | Noticed a human
    19 | D:1      | Noticed an elf
   468 | D:3      | Reached XP level 2. HP: 15/15 MP: 5/10
   541 | D:2      | Learned a level 2 spell: Blink
   544 | D:2      | Learned a level 2 spell: Call Imp
  1184 | D:1      | Reached XP level 3. HP: 19/19 MP: 11/13
  1189 | D:1      | Learned a level 3 spell: Conjure Flame
  1193 | D:1      | Learned a level 3 spell: Mephitic Cloud
  1418 | D:2      | Reached skill level 5 in Spellcasting
  1543 | D:2      | Found a white marble altar of Elyvilon.
  2081 | D:2      | Reached XP level 4. HP: 24/24 MP: 15/17
  2089 | D:2      | Learned a level 2 spell: Repel Missiles
  2778 | D:3      | Found a blossoming altar of Fedhas.
  3072 | D:3      | Reached skill level 6 in Spellcasting
  3072 | D:3      | Reached XP level 5. HP: 26/28 MP: 10/20
  3654 | D:5      | Entered Level 5 of the Dungeon
  3664 | D:5      | Noticed an ogre
  3938 | D:5      | Noticed a centaur
  3948 | D:5      | Killed a centaur
  3948 | D:5      | Reached XP level 6. HP: 22/32 MP: 16/22
  4080 | D:5      | Found a glowing drain.
  4087 | Sewer    | Entered a sewer
  4185 | Sewer    | Reached skill level 1 in Fighting
  4191 | Sewer    | Reached skill level 7 in Spellcasting
  4826 | Sewer    | Noticed a drowned soul
  4830 | Sewer    | Noticed a drowned soul
  4830 | Sewer    | Killed a drowned soul
  4922 | D:5      | Reached XP level 7. HP: 40/40 MP: 18/25
  4957 | D:4      | Found a radiant altar of Vehumet.
  4957 | D:4      | Found a white marble altar of Elyvilon.
  4957 | D:4      | Noticed a worker ant
  4959 | D:4      | Found a shadowy altar of Dithmenos.
  5026 | D:6      | Found a sand-covered staircase.
  5038 | Ossuary  | Entered an ossuary
  5679 | Ossuary  | Gained mutation: You are agile. (Dex +2) [potion of beneficial mutation]
  5759 | D:4      | Noticed a worker ant
  5767 | D:4      | Killed a worker ant
  5851 | D:4      | Noticed a crimson imp
  5862 | D:4      | Killed a crimson imp
  5862 | D:4      | Reached skill level 8 in Spellcasting
  6009 | D:4      | Noticed a worker ant
  6020 | D:4      | Killed a worker ant
  6020 | D:4      | Reached skill level 5 in Dodging
  6166 | D:4      | Killed a worker ant
  6707 | D:5      | Found a deep blue altar of Sif Muna.
  6710 | D:5      | Became a worshipper of Sif Muna the Loreminder
  6804 | D:5      | Found a sacrificial altar of Ru.
  6848 | D:5      | Learned a level 4 spell: Animate Dead
  6873 | D:5      | Killed an ogre
  7185 | D:6      | Reached skill level 1 in Air Magic
  7185 | D:6      | Reached XP level 8. HP: 46/46 MP: 22/27
  7251 | D:6      | Reached skill level 1 in Necromancy
  7390 | D:6      | Found a snail-covered altar of Cheibriados.
  7405 | D:6      | Reached skill level 1 in Fire Magic
  7416 | D:6      | Reached skill level 1 in Poison Magic
  7440 | D:6      | Noticed Pikel
  7457 | D:6      | Noticed a human
  7457 | D:6      | Noticed a human
  7459 | D:6      | Noticed a human
  7476 | D:6      | Killed Pikel
  7476 | D:6      | Acquired Sif Muna's first power
  7487 | D:6      | Killed a human
  7491 | D:6      | Killed a human
  7497 | D:6      | Noticed a human
  7624 | D:6      | Killed a human
  7716 | D:6      | Noticed a human
  7730 | D:6      | Killed a human
  7730 | D:6      | Acquired Sif Muna's second power
  7770 | D:6      | Killed a human
  7770 | D:6      | Reached skill level 9 in Spellcasting
  7770 | D:6      | Reached XP level 9. HP: 48/50 MP: 20/29
  7998 | D:6      | Found a bloodstained altar of Trog.
  8062 | D:6      | Found a staircase to the Ecumenical Temple.
  8100 | D:6      | Reached skill level 5 in Conjurations
  8123 | Temple   | Entered the Ecumenical Temple
  9047 | D:7      | Noticed a human
  9086 | D:7      | Killed a human
  9519 | D:7      | Noticed a yak
  9585 | D:7      | Noticed a hog
  9596 | D:7      | Killed a yak
  9603 | D:7      | Reached skill level 1 in Invocations
  9733 | D:7      | Killed a hog
  9765 | D:7      | Reached skill level 1 in Evocations
  9989 | D:7      | Reached XP level 10. HP: 36/56 MP: 4/31
 10320 | D:7      | Reached skill level 10 in Spellcasting
 11097 | D:7      | Reached skill level 1 in Charms
 11903 | D:8      | Acquired Sif Muna's third power
 12252 | D:8      | Reached skill level 5 in Fire Magic
 13611 | D:9      | Found a staircase to the Lair.
 13871 | D:10     | Entered Level 10 of the Dungeon
 13871 | D:10     | Noticed faibistes' ghost (powerful DEWz)
 14237 | D:9      | Noticed Erolcha
 14250 | D:9      | Killed Erolcha
 14353 | Lair:1   | Entered Level 1 of the Lair of Beasts
 14363 | D:9      | Reached skill level 11 in Spellcasting
 14363 | D:9      | Reached XP level 11. HP: 53/60 MP: 26/33
 15650 | Lair:1   | Noticed a five-headed hydra
 15961 | Lair:1   | Reached skill level 5 in Invocations
 16162 | Lair:1   | Killed a five-headed hydra
 17416 | Lair:2   | Reached skill level 5 in Charms
 18163 | Lair:3   | Noticed a six-headed hydra
 18176 | Lair:3   | Killed a six-headed hydra
 18504 | Lair:3   | Reached skill level 12 in Spellcasting
 18822 | Lair:3   | Slain by a blink frog

Action                   |  1- 3 |  4- 6 |  7- 9 | 10-12 || total
-------------------------+-------+-------+-------+-------++-------
Melee: Dagger            |     1 |    24 |   123 |   122 ||   270
       Spear             |       |       |    34 |     1 ||    35
 Cast: Magic Dart        |   109 |   201 |   333 |   582 ||  1225
       Call Imp          |     1 |     2 |     4 |     4 ||    11
       Mephitic Cloud    |     2 |    15 |    33 |    61 ||   111
       Conjure Flame     |       |     4 |    57 |    68 ||   129
       Repel Missiles    |       |     1 |     1 |       ||     2
       Blink             |       |     3 |     4 |    14 ||    21
       Animate Dead      |       |       |     1 |    49 ||    50
Invok: Channel Energy    |       |       |     7 |     3 ||    10
Evoke: Wand              |       |       |       |     7 ||     7
  Use: Scroll            |     4 |     9 |     7 |    10 ||    30
       Potion            |       |       |     2 |       ||     2
 Stab: Confused          |     1 |       |     5 |    13 ||    19
       Sleeping          |       |     1 |       |     2 ||     3
       Distracted        |       |       |       |     1 ||     1
  Eat: Chunk             |     3 |     9 |    14 |    25 ||    51
       Beef jerky        |       |       |     2 |       ||     2
       Fruit             |       |       |       |     3 ||     3
